 Dungeon Crawl Stone Soup version 0.20-a0-850-ge5a7832 (webtiles) character file.

30 Alarkh the Skirmisher (level 3, 29/29 HPs)
             Began as a Demonspawn Monk on Mar 10, 2017.
             Quit the game on level 2 of the Dungeon.
             The game lasted 00:00:57 (1476 turns).

Alarkh the Skirmisher (Demonspawn Monk)             Turns: 1476, Time: 00:00:58

Health: 29/29      AC:  3    Str: 11    XL:     3   Next: 5%
Magic:  3/3        EV: 13    Int: 12    God:
Gold:   69         SH:  0    Dex: 15    Spells: 2/2 levels left

rFire    . . .     SeeInvis .   a - +2 hand axe
rCold    . . .     Gourm    .   h - +0 robe {MR+}
rNeg     . . .     Faith    +   (no shield)
rPois    .         Spirit   .   p - +0 helmet
rElec    .         Reflect  .   (no cloak)
rCorr    .         Harm     .   (no gloves)
MR       +....                  (no boots)
Stlth    +++.......             d - amulet of faith
Regen    0.1/turn               (no ring)
MPRegen  0.1/turn               (no ring)

@: no status effects
A: claws 1, nightstalker 1
a: no special abilities


You were on level 2 of the Dungeon.
You were not hungry.

You visited 1 branch of the dungeon, and saw 2 of its levels.

You collected 69 gold pieces.

Inventory:

Hand Weapons
 a - a +2 hand axe (weapon)
Armour
 b - a +0 robe
 h - a +0 robe of magic resistance (worn)
 p - a +0 helmet (worn)
Jewellery
 d - an amulet of faith (around neck)
Scrolls
 e - a scroll of teleportation
 i - a scroll of remove curse {unknown}
 j - a scroll of recharging {unknown}
 k - 2 scrolls of identify {unknown}
 r - a scroll of magic mapping {unknown}
Potions
 l - 2 potions of might {unknown}
 m - a potion of resistance {unknown}
 n - a potion of invisibility {unknown}
 o - a potion of heal wounds {unknown}
Comestibles
 c - 2 bread rations
 f - 2 royal jellies
 g - 2 chunks of flesh
 q - a meat ration


   Skills:
 + Level 3.2 Fighting
 * Level 3.1 Axes
 + Level 1.3 Armour
 + Level 2.9 Dodging
 - Level 1.7 Stealth


You had 2 spell levels left.
You didn't know any spells.

Dungeon Overview and Level Annotations

Branches:
Dungeon (2/15)

Altars:


Innate Abilities, Weirdness & Mutations

You have sharp fingernails.
You are slightly more attuned to the shadows.


Message History

You hit the worm.
The worm is heavily wounded.
You hit the worm.
The worm is severely wounded.
The worm closely misses you.
You slash the worm!
You kill the worm!
You have reached level 3!
Your experience leads to an increase in your attributes!
Increase (S)trength, (I)ntelligence, or (D)exterity?
You feel clever.
Your demonic ancestry asserts itself...
Your fingernails lengthen.
Eating a chunk of flesh.
You eat the chunk of flesh.
This raw flesh tastes terrible.
g - 2 chunks of flesh
r - a scroll labeled UTUINAT PAIT You open the door.
There is an open door here.
A goblin comes into view.
Are you sure you want to abandon this character and quit the game? (Confirm with "yes".)

#.# #....#.#########
###+###.# #....#.#
........###....#.#
...............#.#
........######.#.#
........#....#.#.# ##########
###.##..#....#.#.###.........
... ...+....'...>##.########
## ....#...@#.##.##..รท......
..........#...............
..#....####.#..........
....... ...#.#########
g#####........# .....
##.......# ####### #.......#
#<..# # #.......# #.#.# #
#.#.###


You could see a goblin (sleeping).

Vanquished Creatures
  A worm (D:2)
  3 dart slugs
  A leopard gecko (D:2)
  2 bats (D:1)
  2 giant cockroaches (D:1)
  4 goblins
  2 hobgoblins (D:1)
  A kobold (D:1)
  4 rats (D:1)
20 creatures vanquished.

Notes
Turn   | Place    | Note
-------+----------+-------------------------------------------
     0 | D:1      | Alarkh the Demonspawn Monk began the quest for the Orb.
     0 | D:1      | Reached XP level 1. HP: 18/18 MP: 1/1
   506 | D:1      | Gained mutation: You are slightly more attuned to the shadows. [demonic ancestry]
   506 | D:1      | Reached XP level 2. HP: 24/24 MP: 2/2
   718 | D:1      | Reached skill level 1 in Armour
  1345 | D:2      | Gained mutation: You have sharp fingernails. [demonic ancestry]
  1345 | D:2      | Reached XP level 3. HP: 18/29 MP: 3/3
  1476 | D:2      | Quit the game

Vault maps used:
D:1:      tarquinn_simple_flora_water_b, st_stairs_6, kennysheep_another_room,
          solitary_fountain
D:2:      marbit_many_paths, uniq_jessica

Skill      XL: |  1  2 |
---------------+-------+-----
Armour         | 1 |  1.3
Axes           | 3 |  3.1
Fighting       | |  3.2
Dodging        | |  2.9
Stealth        | |  1.7

Action                   || total
-------------------------++-------
Melee: Hand axe          ||    66
  Use: Scroll            ||     3
 Stab: Sleeping          ||     5
       Distracted        ||     1
  Eat: Chunk             ||     2
Armor: Robe              ||     8
Dodge: Dodged            ||    49
